ITL
WABA DUCKS @ CHATTANOOGA CHINPOKOMON
06/16/2029
 
TOP OF THE 1ST
Waba Ducks batting - Pitching for Chattanooga Chinpokomon : RHP David Bishop
Pitching: RHP David Bishop
Batting: RHB Jeremy Flemming 0-0: Ball
1-0: Foul Ball, location: 2F
1-1: Ball
2-1: Ball
3-1: Base on Balls
Batting: LHB Fernando Cruz 0-0: Ball
1-0: Ground out U3 (Groundball, 34S)
Jeremy Flemming to second
Batting: SHB Ron Edwards 0-0: Swinging Strike
0-1: Called Strike
0-2: Ball
1-2: Strikes out looking
Batting: LHB Javier Orozco 0-0: Fly out, F8 (Flyball, 8RD)
Top of the 1st over - 0 runs, 0 hits, 0 errors, 1 left on base; Waba 0 - Chattanooga 0
BOTTOM OF THE 1ST
Chattanooga Chinpokomon batting - Pitching for Waba Ducks : RHP Sang-joon Pak
Pitching: RHP Sang-joon Pak
Batting: RHB Carlos López 0-0: Ball
1-0: Called Strike
1-1: Ball
2-1: Ball
3-1: Called Strike
3-2: Strikes out swinging
Batting: RHB Patrick Potts 0-0: Ground out 6-3 (Groundball, 6)
Batting: RHB Pat Fernández 0-0: Ball
1-0: Called Strike
1-1: Foul Ball, location: 2F
1-2: Ball
2-2: Reached on error, E6 (Groundball, 6)
Batting: RHB Jesús Tisnado 0-0: Called Strike
0-1: Foul Ball, location: 2F
0-2: SINGLE (Line Drive, 6MD)
Pat Fernández to second
Runner from 2nd tries for 3rd, SAFE, no throw
Batting: RHB Cristo García 0-0: SINGLE (Flyball, 89M)
Pat Fernández scores
Jesús Tisnado to second
Runner from 2nd tries for 3rd, SAFE, no throw
Batting: RHB Jeffrey Hicks 0-0: Ball
1-0: Ball
2-0: Swinging Strike
2-1: Ball
3-1: Called Strike
3-2: Foul Ball, location: 2F
3-2: Base on Balls
Cristo García to second
Batting: RHB Ichizo Akiyama 0-0: Foul Ball, location: 2F
0-1: Ground out 5-3 (Groundball, 56S)
Bottom of the 1st over - 1 run, 2 hits, 1 error, 3 left on base; Waba 0 - Chattanooga 1
TOP OF THE 2ND
Waba Ducks batting - Pitching for Chattanooga Chinpokomon : RHP David Bishop
Batting: RHB Paul Spencer 0-0: Foul Ball, location: 2F
0-1: Called Strike
0-2: Foul Ball, location: 2F
0-2: Strikes out swinging
Batting: RHB Ángelo García 0-0: Called Strike
0-1: Ground out U3 (Groundball, 34S)
Batting: LHB Daniel Carter 0-0: Called Strike
0-1: Foul Ball, location: 2F
0-2: Strikes out swinging
Top of the 2nd over - 0 runs, 0 hits, 0 errors, 0 left on base; Waba 0 - Chattanooga 1
BOTTOM OF THE 2ND
Chattanooga Chinpokomon batting - Pitching for Waba Ducks : RHP Sang-joon Pak
Batting: RHB Ricardo Salazar 0-0: Called Strike
0-1: Swinging Strike
0-2: Foul Ball, location: 2F
0-2: Strikes out swinging
Batting: RHB Chris Jones 0-0: Ball
1-0: Ball
2-0: Called Strike
2-1: Called Strike
2-2: Strikes out looking
Batting: RHB Carlos López 0-0: Ball
1-0: Called Strike
1-1: Called Strike
1-2: Foul Ball, location: 2F
1-2: Ball
2-2: Foul Ball, location: 2F
2-2: SINGLE (Line Drive, 89M)
Batting: RHB Patrick Potts 0-0: Ball
Carlos López is caught stealing 2nd base
Bottom of the 2nd over - 0 runs, 1 hit, 0 errors, 0 left on base; Waba 0 - Chattanooga 1
TOP OF THE 3RD
Waba Ducks batting - Pitching for Chattanooga Chinpokomon : RHP David Bishop
Batting: RHB Don Keating 0-0: Ball
1-0: Ball
2-0: Called Strike
2-1: Ball
3-1: Foul Ball, location: 2F
3-2: Fly out, F7 (Flyball, 7)
Batting: RHB Enrique Castillo 0-0: Foul Ball, location: 2F
0-1: Foul Ball, location: 2F
0-2: Strikes out looking
Batting: RHB Jeremy Flemming 0-0: Swinging Strike
0-1: Called Strike
0-2: Ball
1-2: Ball
2-2: Ball
3-2: Strikes out swinging
Top of the 3rd over - 0 runs, 0 hits, 0 errors, 0 left on base; Waba 0 - Chattanooga 1
BOTTOM OF THE 3RD
Chattanooga Chinpokomon batting - Pitching for Waba Ducks : RHP Sang-joon Pak
Batting: RHB Patrick Potts 0-0: Fly out, F3 (Popup, 3SF)
Batting: RHB Pat Fernández 0-0: Ground out 1-3 (Groundball, 13S)
Batting: RHB Jesús Tisnado 0-0: Called Strike
0-1: Ball
1-1: SINGLE (Line Drive, 89S)
Batting: RHB Cristo García 0-0: Ball
1-0: Ball
2-0: Ball
3-0: Called Strike
3-1: Swinging Strike
3-2: SINGLE (Flyball, 9LM)
Jesús Tisnado to second
Jesús Tisnado to third
Batting: RHB Jeffrey Hicks 0-0: Ground out 4-3 (Groundball, 4)
Bottom of the 3rd over - 0 runs, 2 hits, 0 errors, 2 left on base; Waba 0 - Chattanooga 1
TOP OF THE 4TH
Waba Ducks batting - Pitching for Chattanooga Chinpokomon : RHP David Bishop
Batting: LHB Fernando Cruz 0-0: Ball
1-0: Ground out 4-3 (Groundball, 4S)
Batting: SHB Ron Edwards 0-0: Ball
1-0: Ball
2-0: Foul Ball, location: 2F
2-1: Called Strike
2-2: Ball
3-2: Strikes out swinging
Batting: LHB Javier Orozco 0-0: Ground out 3-1 (Groundball, 34)
Top of the 4th over - 0 runs, 0 hits, 0 errors, 0 left on base; Waba 0 - Chattanooga 1
BOTTOM OF THE 4TH
Chattanooga Chinpokomon batting - Pitching for Waba Ducks : RHP Sang-joon Pak
Batting: RHB Ichizo Akiyama 0-0: Ground out 6-3 (Groundball, 56)
Batting: RHB Ricardo Salazar 0-0: Ball
1-0: Called Strike
1-1: Fly out, F7 (Line Drive, 7)
Batting: RHB Chris Jones 0-0: Foul Ball, location: 2F
0-1: Ball
1-1: Ground out 5-3 (Groundball, 5)
Bottom of the 4th over - 0 runs, 0 hits, 0 errors, 0 left on base; Waba 0 - Chattanooga 1
TOP OF THE 5TH
Waba Ducks batting - Pitching for Chattanooga Chinpokomon : RHP David Bishop
Batting: RHB Paul Spencer 0-0: Called Strike
0-1: Fly out, F6 (Line Drive, 6M)
Batting: RHB Ángelo García 0-0: Ball
1-0: Ground out 5-3 (Groundball, 5)
Batting: LHB Daniel Carter 0-0: Ball
1-0: Ball
2-0: Ground out 5-3 (Groundball, 56S)
Top of the 5th over - 0 runs, 0 hits, 0 errors, 0 left on base; Waba 0 - Chattanooga 1
BOTTOM OF THE 5TH
Chattanooga Chinpokomon batting - Pitching for Waba Ducks : RHP Sang-joon Pak
Batting: RHB Carlos López 0-0: Ball
1-0: Ground out 6-3 (Groundball, 6)
Batting: RHB Patrick Potts 0-0: Called Strike
0-1: Ball
1-1: Foul Ball, location: 2F
1-2: Strikes out swinging
Batting: RHB Pat Fernández 0-0: SINGLE (Groundball, 6MD)
Batting: RHB Jesús Tisnado 0-0: Ball
1-0: Ball
2-0: Foul Ball, location: 2F
2-1: Ground out 6-3 (Groundball, 6S)
Bottom of the 5th over - 0 runs, 1 hit, 0 errors, 1 left on base; Waba 0 - Chattanooga 1
TOP OF THE 6TH
Waba Ducks batting - Pitching for Chattanooga Chinpokomon : RHP David Bishop
Batting: RHB Don Keating 0-0: Called Strike
0-1: Ball
1-1: Foul Ball, location: 2F
1-2: Ground out 5-3 (Groundball, 56S)
Batting: RHB Enrique Castillo 0-0: Called Strike
0-1: Called Strike
0-2: Ball
1-2: Foul Ball, location: 2F
1-2: Strikes out swinging
Batting: RHB Jeremy Flemming 0-0: Swinging Strike
0-1: Fly out, F8 (Flyball, 8RD)
Top of the 6th over - 0 runs, 0 hits, 0 errors, 0 left on base; Waba 0 - Chattanooga 1
BOTTOM OF THE 6TH
Chattanooga Chinpokomon batting - Pitching for Waba Ducks : RHP Sang-joon Pak
Batting: RHB Cristo García 0-0: SOLO HOME RUN (Flyball, 7LD), Distance : 361 ft
Batting: RHB Jeffrey Hicks 0-0: Swinging Strike
0-1: Fly out, F9 (Flyball, 9)
Batting: RHB Ichizo Akiyama 0-0: Ball
1-0: Called Strike
1-1: Called Strike
1-2: Ball
2-2: Foul Ball, location: 2F
2-2: Fly out, F8 (Flyball, 8LD)
Batting: RHB Ricardo Salazar 0-0: Fly out, F8 (Flyball, 8LXD)
Bottom of the 6th over - 1 run, 1 hit, 0 errors, 0 left on base; Waba 0 - Chattanooga 2
TOP OF THE 7TH
Waba Ducks batting - Pitching for Chattanooga Chinpokomon : RHP David Bishop
Batting: LHB Fernando Cruz 0-0: Ball
1-0: Ball
2-0: Ball
3-0: Base on Balls
Batting: SHB Ron Edwards 0-0: Ball
1-0: Ball
2-0: Called Strike
2-1: Called Strike
2-2: Fly out, F8 (Line Drive, 8RM)
Batting: LHB Javier Orozco 0-0: Swinging Strike
0-1: Fly out, F7 (Flyball, 78M)
Batting: RHB Paul Spencer 0-0: Called Strike
0-1: Swinging Strike
0-2: Strikes out swinging
Top of the 7th over - 0 runs, 0 hits, 0 errors, 1 left on base; Waba 0 - Chattanooga 2
BOTTOM OF THE 7TH
Chattanooga Chinpokomon batting - Pitching for Waba Ducks : RHP Sang-joon Pak
Batting: RHB Chris Jones 0-0: Ball
1-0: Ball
2-0: Ball
3-0: Called Strike
3-1: Base on Balls
Batting: RHB Carlos López 0-0: Called Strike
0-1: Called Strike
0-2: SINGLE (Groundball, 56S) (infield hit)
Chris Jones to second
Batting: RHB Patrick Potts 0-0: Ball
1-0: Fly out, F9 (Line Drive, 89M)
Batting: RHB Pat Fernández 0-0: Called Strike
0-1: Grounds into double play, 6-4-3 (Groundball, 6)
Bottom of the 7th over - 0 runs, 1 hit, 0 errors, 1 left on base; Waba 0 - Chattanooga 2
TOP OF THE 8TH
Waba Ducks batting - Pitching for Chattanooga Chinpokomon : RHP David Bishop
Batting: RHB Ángelo García 0-0: SINGLE (Line Drive, 7LS)
Batting: LHB Daniel Carter 0-0: Ball
1-0: Ball
2-0: Foul Ball, location: 2F
2-1: Ball
3-1: Called Strike
3-2: Foul Ball, location: 2F
3-2: Base on Balls
Ángelo García to second
Batting: RHB Don Keating 0-0: Bunt missed!
0-1: Ball
1-1: Ball
2-1: Sac Bunt - play at first, batter OUT! U3
Ángelo García to third
Daniel Carter to second
Batting: RHB Enrique Castillo 0-0: Called Strike
0-1: Ground out 1-3 (Groundball, 13S)
Batting: RHB Jeremy Flemming 0-0: Ball
1-0: Foul Ball, location: 2F
1-1: Called Strike
1-2: Strikes out looking
Top of the 8th over - 0 runs, 1 hit, 0 errors, 2 left on base; Waba 0 - Chattanooga 2
BOTTOM OF THE 8TH
Chattanooga Chinpokomon batting - Pitching for Waba Ducks : RHP Sang-joon Pak
Pitching: RHP Bill Bygrove
Batting: RHB Jesús Tisnado 0-0: Called Strike
0-1: SINGLE (Flyball, 8LS)
Batting: RHB Cristo García 0-0: Called Strike
0-1: Grounds into double play, 6-4-3 (Groundball, 6)
Batting: RHB Jeffrey Hicks 0-0: Swinging Strike
0-1: Foul Ball, location: 2F
0-2: Ball
1-2: Ball
2-2: Ball
3-2: Fly out, F2 (Popup, 23F)
Bottom of the 8th over - 0 runs, 1 hit, 0 errors, 0 left on base; Waba 0 - Chattanooga 2
TOP OF THE 9TH
Waba Ducks batting - Pitching for Chattanooga Chinpokomon : RHP David Bishop
Batting: LHB Fernando Cruz 0-0: SINGLE (Groundball, 34D)
Pitching: RHP Alejandro Hernández
Batting: SHB Ron Edwards 0-0: Foul Ball, location: 2F
0-1: Swinging Strike
0-2: Strikes out swinging
Batting: LHB Javier Orozco 0-0: Swinging Strike
0-1: Ground out U3 (Groundball, 3)
Fernando Cruz to second
Batting: RHB Paul Spencer 0-0: Called Strike
0-1: Ground out 6-3 (Groundball, 6)
Top of the 9th over - 0 runs, 1 hit, 0 errors, 1 left on base; Waba 0 - Chattanooga 2
Saturday, December 16th, 2017 - OOTP Baseball 18.8 Build 76